TOP OF THE 1ST |
Temiskaming District Secondary School Saints batting - Pitching for Otsego HS Bulldogs : LHP Jesús Muñíz
|
Pitching: LHP Jesús Muñíz
|
|
Batting: RHB George Gardner
|
0-0: Ball 1-0: Ball 2-0: Ball 3-0: Base on Balls
|
Batting: RHB Beau McNeill
|
0-0: Fly out, F7 (Line Drive, 78M)
|
Batting: RHB Fred Moulds
|
0-0: Called Strike 0-1: Grounds into double play, 6-4-3 (Groundball, 6)
|
Top of the 1st over - 0 run(s), 0 hit(s), 0 error(s), 0 left on base; Temiskaming District Secondary School 0 - Otsego HS 0 |
BOTTOM OF THE 1ST |
Otsego HS Bulldogs batting - Pitching for Temiskaming District Secondary School Saints : RHP Steve Harris
|
Pitching: RHP Steve Harris
|
|
Batting: RHB Tommy Miller
|
0-0: Ball 1-0: Fly out, F2 (Popup, 2RF)
|
Batting: RHB Pedro Ayala
|
0-0: Ball 1-0: Foul Ball, location: 2F 1-1: Ball 2-1: Foul Ball, location: 2F 2-2: Fly out, F9 (Flyball, 89S)
|
Batting: RHB Dave Marshall
|
0-0: Ball 1-0: Ball 2-0: Ball 3-0: Called Strike 3-1: Foul Ball, location: 2F 3-2: DOUBLE (Line Drive, 9LM)
|
Batting: LHB Bill Poe
|
0-0: Called Strike 0-1: Foul Ball, location: 2F 0-2: Ball 1-2: Ball 2-2: Ball 3-2: Base on Balls
|
Batting: RHB Matt Dundee
|
0-0: Called Strike 0-1: SINGLE (Flyball, 9S) Dave Marshall to third Bill Poe to second Throwing error, E9 Dave Marshall scores Bill Poe to third Matt Dundee to second
|
Batting: LHB Dave Wilkinson
|
0-0: DOUBLE (Line Drive, 9LS) Bill Poe scores Matt Dundee scores
|
Batting: RHB Michael Carr
|
0-0: Ball 1-0: Ball 2-0: Ball 3-0: Base on Balls
|
Batting: LHB José Serrano
|
0-0: Called Strike 0-1: Ground out 4-3 (Groundball, 34)
|
Bottom of the 1st over - 3 run(s), 3 hit(s), 1 error(s), 2 left on base; Temiskaming District Secondary School 0 - Otsego HS 3 |
TOP OF THE 2ND |
Temiskaming District Secondary School Saints batting - Pitching for Otsego HS Bulldogs : LHP Jesús Muñíz
|
Batting: RHB Walt Miller
|
0-0: Foul Ball, location: 2F 0-1: Ball 1-1: Ball 2-1: Ball 3-1: Base on Balls
|
Batting: LHB Carlos Músquez
|
0-0: Ball 1-0: Fly out, F7 (Flyball, 7D)
|
Batting: RHB Bob Ferguson
|
0-0: Ball 1-0: Foul Ball, location: 2F 1-1: Grounds into double play, 5-4-3 (Groundball, 5)
|
Top of the 2nd over - 0 run(s), 0 hit(s), 0 error(s), 0 left on base; Temiskaming District Secondary School 0 - Otsego HS 3 |
BOTTOM OF THE 2ND |
Otsego HS Bulldogs batting - Pitching for Temiskaming District Secondary School Saints : RHP Steve Harris
|
Batting: RHB Tim Anderson
|
0-0: Called Strike 0-1: Ground out 4-3 (Groundball, 4M)
|
Batting: RHB Tommy Miller
|
0-0: Foul Ball, location: 2F 0-1: Ball 1-1: Foul Ball, location: 2F 1-2: Foul Ball, location: 2F 1-2: Ball 2-2: Ball 3-2: Base on Balls
|
Batting: RHB Pedro Ayala
|
0-0: Ball 1-0: Foul Ball, location: 2F 1-1: Fly out, F9 (Flyball, 9M)
|
Batting: RHB Dave Marshall
|
0-0: Ball 1-0: Foul Ball, location: 2F 1-1: Ball 2-1: Ball 3-1: Fly out, F9 (Popup, 9S)
|
Bottom of the 2nd over - 0 run(s), 0 hit(s), 0 error(s), 1 left on base; Temiskaming District Secondary School 0 - Otsego HS 3 |
TOP OF THE 3RD |
Temiskaming District Secondary School Saints batting - Pitching for Otsego HS Bulldogs : LHP Jesús Muñíz
|
Batting: RHB John Weber
|
0-0: Ball 1-0: Foul Ball, location: 2F 1-1: DOUBLE (Line Drive, 9LM)
|
Batting: RHB Elliott Short
|
0-0: Called Strike 0-1: Swinging Strike 0-2: Ball 1-2: Ball 2-2: Ball 3-2: DOUBLE (Line Drive, 7LM) John Weber scores
|
Batting: SHB Stanley Ryan
|
0-0: Reached on error, E2 (Groundball, 2R) Elliott Short scores
|
Pitching: LHP Melvin Smith
|
|
Batting: RHB George Gardner
|
0-0: Ball 1-0: Called Strike 1-1: Foul Ball, location: 2F 1-2: Foul Ball, location: 2F 1-2: Foul Ball, location: 2F 1-2: Strikes out swinging
|
Batting: RHB Beau McNeill
|
0-0: Called Strike 0-1: Foul Ball, location: 2F 0-2: Ball 1-2: Foul Ball, location: 2F 1-2: Ball 2-2: Fly out, F8 (Flyball, 8LM)
|
Batting: RHB Fred Moulds
|
0-0: Called Strike 0-1: Fly out, F4 (Popup, 4)
|
Top of the 3rd over - 2 run(s), 2 hit(s), 1 error(s), 1 left on base; Temiskaming District Secondary School 2 - Otsego HS 3 |
BOTTOM OF THE 3RD |
Otsego HS Bulldogs batting - Pitching for Temiskaming District Secondary School Saints : RHP Steve Harris
|
Batting: LHB Bill Poe
|
0-0: Called Strike 0-1: Ball 1-1: Ball 2-1: Called Strike 2-2: Ball 3-2: Foul Ball, location: 2F 3-2: Foul Ball, location: 2F 3-2: SOLO HOME RUN (Flyball, 9D), Distance : 375 ft
|
Batting: RHB Matt Dundee
|
0-0: Called Strike 0-1: SINGLE (Flyball, 9LS)
|
Batting: LHB Dave Wilkinson
|
0-0: Swinging Strike 0-1: Foul Ball, location: 2F 0-2: Foul Ball, location: 2F 0-2: Foul Ball, location: 2F 0-2: Ball 1-2: Ball 2-2: Strikes out swinging
|
Batting: RHB Michael Carr
|
0-0: Ball 1-0: Called Strike 1-1: SINGLE (Groundball, 4M) (infield hit) Matt Dundee to second
|
Batting: LHB José Serrano
|
0-0: Called Strike 0-1: DOUBLE (Line Drive, 78M) Matt Dundee scores Michael Carr to third
|
Batting: RHB Tim Anderson
|
0-0: Ball 1-0: Ball 2-0: Foul Ball, location: 2F 2-1: Ball 3-1: Base on Balls
|
Batting: RHB Tommy Miller
|
0-0: Ball 1-0: Called Strike 1-1: DOUBLE (Line Drive, 9LS) Michael Carr scores José Serrano scores Tim Anderson to third
|
Batting: RHB Pedro Ayala
|
0-0: Ball 1-0: Ball 2-0: Ball 3-0: Base on Balls
|
Batting: RHB Dave Marshall
|
0-0: Ball 1-0: Called Strike 1-1: Foul Ball, location: 2F 1-2: Foul Ball, location: 2F 1-2: Ball 2-2: Foul Ball, location: 2F 2-2: Ball 3-2: Base on Balls Tim Anderson scores Tommy Miller to third Pedro Ayala to second
|
Pitching: RHP George Smith
|
|
Batting: LHB Bill Poe
|
0-0: Ball Wild Pitch! Tommy Miller scores Pedro Ayala to third Dave Marshall to second 1-0: Called Strike 1-1: SINGLE (Groundball, 56D) Pedro Ayala scores Dave Marshall to third Runner from 3rd tries for Home, SAFE, no throw or cutoff
|
Batting: RHB Matt Dundee
|
0-0: Ball 1-0: Swinging Strike 1-1: Foul Ball, location: 2F 1-2: Ball 2-2: Foul Ball, location: 2F 2-2: Strikes out swinging
|
Batting: LHB Dave Wilkinson
|
0-0: Ball 1-0: Swinging Strike 1-1: Foul Ball, location: 2F 1-2: Foul Ball, location: 2F 1-2: SINGLE (Line Drive, 8RS) Bill Poe to second
|
Batting: RHB Michael Carr
|
0-0: Called Strike 0-1: Fly out, F7 (Flyball, 78M)
|
Bottom of the 3rd over - 8 run(s), 7 hit(s), 0 error(s), 2 left on base; Temiskaming District Secondary School 2 - Otsego HS 11 |
TOP OF THE 4TH |
Temiskaming District Secondary School Saints batting - Pitching for Otsego HS Bulldogs : LHP Melvin Smith
|
Batting: RHB Walt Miller
|
0-0: Called Strike 0-1: Foul Ball, location: 2F 0-2: Foul Ball, location: 2F 0-2: SINGLE (Flyball, 8RS)
|
Batting: LHB Carlos Músquez
|
0-0: Foul Ball, location: 2F 0-1: Foul Ball, location: 2F 0-2: Strikes out swinging
|
Batting: RHB Bob Ferguson
|
0-0: Called Strike 0-1: Called Strike 0-2: Ball 1-2: Foul Ball, location: 2F 1-2: Strikes out swinging
|
Batting: RHB John Weber
|
0-0: Fly out, F9 (Flyball, 89M)
|
Top of the 4th over - 0 run(s), 1 hit(s), 0 error(s), 1 left on base; Temiskaming District Secondary School 2 - Otsego HS 11 |
BOTTOM OF THE 4TH |
Otsego HS Bulldogs batting - Pitching for Temiskaming District Secondary School Saints : RHP George Smith
|
Batting: LHB José Serrano
|
0-0: Ball 1-0: Ball 2-0: Swinging Strike
|
|
|
|
2-1: Ball 3-1: Foul Ball, location: 2F 3-2: Base on Balls
|
Batting: RHB Tim Anderson
|
0-0: Ball 1-0: Fly out, F8 (Flyball, 8LM)
|
Batting: RHB Tommy Miller
|
0-0: Called Strike 0-1: Ball 1-1: Foul Ball, location: 2F 1-2: Strikes out swinging
|
Batting: RHB Pedro Ayala
|
Pickoff Throw to First - Out!
|
Bottom of the 4th over - 0 run(s), 0 hit(s), 0 error(s), 0 left on base; Temiskaming District Secondary School 2 - Otsego HS 11 |
TOP OF THE 5TH |
Temiskaming District Secondary School Saints batting - Pitching for Otsego HS Bulldogs : LHP Melvin Smith
|
Batting: RHB Elliott Short
|
0-0: Ball 1-0: Called Strike 1-1: Foul Ball, location: 2F 1-2: Foul Ball, location: 2F 1-2: Ball 2-2: Strikes out looking
|
Batting: SHB Stanley Ryan
|
0-0: Called Strike 0-1: Swinging Strike 0-2: Foul Ball, location: 2F 0-2: Ball 1-2: Strikes out swinging
|
Batting: RHB George Gardner
|
0-0: Foul Ball, location: 2F 0-1: Called Strike 0-2: Strikes out swinging
|
Top of the 5th over - 0 run(s), 0 hit(s), 0 error(s), 0 left on base; Temiskaming District Secondary School 2 - Otsego HS 11 |
BOTTOM OF THE 5TH |
Otsego HS Bulldogs batting - Pitching for Temiskaming District Secondary School Saints : RHP George Smith
|
Batting: RHB Pedro Ayala
|
0-0: Swinging Strike 0-1: SOLO HOME RUN (Flyball, 7D), Distance : 389 ft
|
Batting: RHB Dave Marshall
|
0-0: Called Strike 0-1: Ball 1-1: Ball Single, Error in OF, E7, batter to second base
|
Batting: LHB Bill Poe
|
0-0: Reached on error, E6 (Groundball, 6MS) Dave Marshall to third
|
Batting: RHB Matt Dundee
|
0-0: Ball 1-0: Called Strike 1-1: Ball 2-1: Ball 3-1: Base on Balls Bill Poe to second
|
Batting: LHB Dave Wilkinson
|
0-0: SINGLE (Groundball, 34D) Dave Marshall scores Bill Poe to third Matt Dundee to second
|
Batting: RHB Michael Carr
|
0-0: Ball 1-0: Ball 2-0: Foul Ball, location: 2F 2-1: SINGLE (Groundball, 6MD) Bill Poe scores Matt Dundee to third Dave Wilkinson to second
|
Batting: LHB José Serrano
|
0-0: Ball 1-0: Ball 2-0: SINGLE (Groundball, 3L) Matt Dundee scores Dave Wilkinson to third Michael Carr to second
|
Batting: RHB Tim Anderson
|
0-0: Called Strike 0-1: Ball 1-1: Ball 2-1: Ball 3-1: Base on Balls Dave Wilkinson scores Michael Carr to third José Serrano to second
|
Pitching: RHP Chris King
|
|
Batting: RHB Tommy Miller
|
0-0: Foul Ball, location: 2F 0-1: Fly out, F7 (Line Drive, 78M)
|
Batting: RHB Pedro Ayala
|
0-0: Called Strike 0-1: Grounds into double play, 3-6-1 (Groundball, 3)
|
Bottom of the 5th over - 5 run(s), 5 hit(s), 2 error(s), 2 left on base; Temiskaming District Secondary School 2 - Otsego HS 16 |
TOP OF THE 6TH |
Temiskaming District Secondary School Saints batting - Pitching for Otsego HS Bulldogs : LHP Melvin Smith
|
Batting: RHB Beau McNeill
|
0-0: Reached on error, E5 (Groundball, 56S)
|
Batting: RHB Fred Moulds
|
0-0: Foul Ball, location: 2F 0-1: Ball 1-1: Ball 2-1: Swinging Strike 2-2: Fly out, F8 (Line Drive, 8LXD) Runner from 2nd tags up, SAFE at 3rd, no throw
|
Batting: RHB Walt Miller
|
0-0: Ball 1-0: Foul Ball, location: 2F 1-1: SINGLE (Groundball, 2L) (infield hit)
|
Pitching: LHP Germán Ramírez
|
|
Batting: LHB Carlos Músquez
|
0-0: Ball 1-0: Ball 2-0: Fly out, F9 (Flyball, 89M) Runner from 3rd tags up, SCORES, throw made
|
Batting: RHB Bob Ferguson
|
0-0: Called Strike 0-1: Called Strike 0-2: Ball 1-2: Foul Ball, location: 2F 1-2: Strikes out swinging
|
Top of the 6th over - 1 run(s), 1 hit(s), 1 error(s), 1 left on base; Temiskaming District Secondary School 3 - Otsego HS 16 |
BOTTOM OF THE 6TH |
Otsego HS Bulldogs batting - Pitching for Temiskaming District Secondary School Saints : RHP Chris King
|
Batting: RHB Dave Marshall
|
0-0: Called Strike 0-1: Ball 1-1: Ball 2-1: Swinging Strike 2-2: Ground out 5-3 (Groundball, 56S)
|
Pinch Hitting: SHB Dave Hickman
|
0-0: Ball 1-0: Ball 2-0: Ball 3-0: Base on Balls
|
Batting: RHB Matt Dundee
|
0-0: Foul Ball, location: 2F 0-1: Ball 1-1: Grounds into double play, 6-4-3 (Groundball, 6)
|
Bottom of the 6th over - 0 run(s), 0 hit(s), 0 error(s), 0 left on base; Temiskaming District Secondary School 3 - Otsego HS 16 |
TOP OF THE 7TH |
Temiskaming District Secondary School Saints batting - Pitching for Otsego HS Bulldogs : LHP Germán Ramírez
|
Now in CF: Dave Hickman
|
|
Batting: RHB John Weber
|
0-0: Called Strike 0-1: Swinging Strike 0-2: Ball 1-2: Foul Ball, location: 2F 1-2: Ground out 5-3 (Groundball, 56)
|
Batting: RHB Elliott Short
|
0-0: Foul Ball, location: 2F 0-1: Ball 1-1: Foul Ball, location: 2F 1-2: Strikes out swinging
|
Batting: SHB Stanley Ryan
|
0-0: Ball 1-0: Ball 2-0: Ball 3-0: Called Strike 3-1: Base on Balls
|
Batting: RHB George Gardner
|
0-0: Called Strike 0-1: Ball 1-1: Foul Ball, location: 2F 1-2: Strikes out swinging
|
Top of the 7th over - 0 run(s), 0 hit(s), 0 error(s), 1 left on base; Temiskaming District Secondary School 3 - Otsego HS 16 |
BOTTOM OF THE 7TH |
Otsego HS Bulldogs batting - Pitching for Temiskaming District Secondary School Saints : RHP Chris King
|
Pitching: LHP Maurice Chappell
|
|
Pinch Hitting: RHB Mike Tate
|
0-0: Called Strike 0-1: Ball 1-1: Ball 2-1: Ball 3-1: Fly out, F4 (Popup, 4MD)
|
Batting: RHB Michael Carr
|
0-0: Called Strike 0-1: Ball 1-1: Ground out 4-3 (Groundball, 4)
|
Batting: LHB José Serrano
|
0-0: Ball 1-0: Fly out, F9 (Flyball, 9M)
|
Bottom of the 7th over - 0 run(s), 0 hit(s), 0 error(s), 0 left on base; Temiskaming District Secondary School 3 - Otsego HS 16 |
TOP OF THE 8TH |
Temiskaming District Secondary School Saints batting - Pitching for Otsego HS Bulldogs : LHP Germán Ramírez
|
Now in LF: Mike Tate
|
|
Batting: RHB Beau McNeill
|
0-0: Fly out, F7 (Flyball, 7D)
|
Pitching: RHP Tyler Jones
|
|
Batting: RHB Fred Moulds
|
0-0: Ball 1-0: Ball 2-0: Ball 3-0: Called Strike 3-1: Foul Ball, location: 2F 3-2: Base on Balls
|
Batting: RHB Walt Miller
|
0-0: Foul Ball, location: 2F 0-1: Ball 1-1: Ball 2-1: Ball 3-1: Foul Ball, location: 2F 3-2: Foul Ball, location: 2F 3-2: Ground out 5-3 (Groundball, 5S) Fred Moulds to second
|
Pinch Hitting: SHB Andrew Walters
|
0-0: Called Strike 0-1: Reached on error, E3 (Groundball, 34) Fred Moulds scores
|
Batting: RHB Bob Ferguson
|
0-0: Foul Ball, location: 2F 0-1: Ball 1-1: Ground out 6-3 (Groundball, 6)
|
Top of the 8th over - 1 run(s), 0 hit(s), 1 error(s), 1 left on base; Temiskaming District Secondary School 4 - Otsego HS 16 |
BOTTOM OF THE 8TH |
Otsego HS Bulldogs batting - Pitching for Temiskaming District Secondary School Saints : LHP Maurice Chappell
|
Now at 1B: Andrew Walters
|
|
Batting: RHB Tim Anderson
|
0-0: Foul Ball, location: 2F 0-1: Ball 1-1: Swinging Strike 1-2: Foul Ball, location: 2F 1-2: Foul Ball, location: 2F 1-2: Foul Ball, location: 2F 1-2: Foul Ball, location: 2F 1-2: Ball 2-2: Foul Ball, location: 2F 2-2: Foul Ball, location: 2F 2-2: Strikes out swinging
|
Batting: RHB Tommy Miller
|
0-0: Called Strike 0-1: Called Strike 0-2: Strikes out swinging
|
Batting: RHB Pedro Ayala
|
0-0: Ball 1-0: Called Strike 1-1: Ball 2-1: Foul Ball, location: 2F 2-2: Strikes out swinging, 2-3 out at first.
|
Bottom of the 8th over - 0 run(s), 0 hit(s), 0 error(s), 0 left on base; Temiskaming District Secondary School 4 - Otsego HS 16 |
TOP OF THE 9TH |
Temiskaming District Secondary School Saints batting - Pitching for Otsego HS Bulldogs : RHP Tyler Jones
|
Batting: RHB John Weber
|
0-0: Ball 1-0: SINGLE (Line Drive, 56D)
|
Batting: RHB Elliott Short
|
0-0: Foul Ball, location: 2F 0-1: Foul Ball, location: 2F 0-2: Ball 1-2: Ball 2-2: Foul Ball, location: 2F 2-2: Ball 3-2: Base on Balls John Weber to second
|
Batting: SHB Stanley Ryan
|
0-0: Fielders Choice at 2nd, 4-6 (Groundball, 34) John Weber to third
|
Batting: RHB George Gardner
|
0-0: Fly out, F9 (Flyball, 9S)
|
Batting: RHB Beau McNeill
|
0-0: Ball 1-0: Ball 2-0: Ground out 1-3 (Groundball, 13S)
|
Top of the 9th over - 0 run(s), 1 hit(s), 0 error(s), 2 left on base; Temiskaming District Secondary School 4 - Otsego HS 16 |
|
Monday, December 5th, 2016 - OOTP Baseball 17.12 Build 75
|
|